 Dungeon Crawl Stone Soup version 0.31.0-11-ge490571c62 (webtiles) character file.

Game seed: 7434697442932909624

1181 iamserjio the Slasher (level 8, -10/56 HPs)
             Began as an Octopode Reaver on Jan 31, 2024.
             Was an Initiate of Wu Jian.
             Mangled by an orc warrior
             ... wielding a +0 halberd
              (21 damage)
             ... on level 6 of the Dungeon.
             The game lasted 00:12:16 (5756 turns).

iamserjio the Slasher (Octopode Reaver)             Turns: 5756, Time: 00:12:17

Health: -10/56     AC:  1    Str: 11    XL:     8   Next: 42%
Magic:  11/11      EV: 13    Int: 15    God:    Wu Jian [......]
Gold:   377        SH:  0    Dex: 13    Spells: 7/11 levels left

rFire   . . .        k - +0 long sword
rCold   . . .        (no shield)
rNeg    . . .        (helmet restricted)
rPois   .            (no amulet)
rElec   .            (no ring)
rCorr   .            (no ring)
SInv    .            (no ring)
Will    .....        (no ring)
Stlth   ++           (no ring)
HPRegen 0.29/turn    (no ring)
MPRegen 0.12/turn    (no ring)
                     (no ring)

%: no passive effects
@: no status effects
A: almost no armour, amphibious, 8 rings, camouflage 1, gelatinous body 1,
(nimble swimmer 1), tentacles
a: Renounce Religion


You were on level 6 of the Dungeon.
You worshipped Wu Jian.
Wu Jian was noncommittal.
You visited 2 branches of the dungeon, and saw 7 of its levels.
You also visited: Sewer.

You collected 377 gold pieces.

Inventory:

Hand Weapons
 a - a +0 falchion
 d - a +2 spear of venom
 e - a +0 whip of freezing
 f - a +0 morningstar
 g - a +0 trident
 k - a +0 long sword (weapon)
 D - a +0 halberd
Missiles
 t - 2 poisoned darts
 C - 3 boomerangs (quivered)
Magical Staves
 v - a staff of fire
 w - a staff of cold
Talismans
 x - a maw talisman
Wands
 E - a wand of paralysis (2)
Scrolls
 b - 3 scrolls of teleportation {unknown}
 c - a scroll of silence
 l - a scroll of summoning
 m - a scroll of brand weapon
 p - a scroll of poison
 s - a scroll of noise
 y - 2 scrolls of revelation {unknown}
 F - a scroll of fog {unknown}
 G - a scroll of identify {@r1}
 H - a scroll of vulnerability {unknown}
Potions
 h - a potion of cancellation
 i - 3 potions of heal wounds {@q2}
 j - 6 potions of curing {@q1}
 n - 2 potions of might {@q3}
 o - 3 potions of mutation {unknown}
 q - 2 potions of enlightenment
 r - 2 potions of invisibility {unknown}
 u - a potion of ambrosia {unknown}
 z - 2 potions of resistance {unknown}
 A - a potion of berserk rage {unknown}
 B - a potion of attraction {unknown}


   Skills:
 + Level 5.4 Fighting
 * Level 6.9 Long Blades
 - Level 2.3 Dodging
 - Level 2.0 Spellcasting
 - Level 3.0 Conjurations
 + Level 4.6 Ice Magic
 + Level 1.9 Evocations


You had 7 spell levels left.
You knew the following spells:

 Your Spells              Type           Power      Damage    Failure   Level
a - Kiss of Death         Conj/Necr      24%        2d7       12%         1
b - Ozocubu's Armour      Ice            15%        N/A       10%         3

Your spell library contained the following spells:

 Spells                   Type           Power      Damage    Failure   Level
 Hailstorm                Conj/Ice       13%        3d6       14%         3
 Momentum Strike          Conj/Tloc      12%        3d8       19%         2
 Slow                     Hex            4%         N/A       22%         1
 Lesser Beckoning         Tloc           2%         N/A       32%         2
 Confusing Touch          Hex            1%         N/A       54%         3
 Gell's Gravitas          Tloc           1%         N/A       54%         3
 Sigil of Binding         Hex            1%         N/A       54%         3
 Teleport Other           Tloc           1%         N/A       54%         3
 Vampiric Draining        Necr           1%         2d6       54%         3
 Metabolic Englaciation   Hex/Ice        4%         N/A       93%         5
 Alistair's Intoxication  Alch           0%         N/A       99%         5
 Borgnjor's Vile Clutch   Necr/Erth      0%         N/A       99%         5
 Eringya's Noxious Bog    Alch           0%         4d6       100%        6
 Sculpt Simulacrum        Ice/Alch       4%         N/A       100%        6


Dungeon Overview and Level Annotations

Branches:
Dungeon (6/15) Zot: 26431  Temple (1/1) D:5 Zot: 5998   Sewer (visited)

Altars:
Cheibriados
Dithmenos
Elyvilon
Gozag
Kikubaaqudgha
Makhleb
Nemelex Xobeh
Qazlal
Ru
Trog
Uskayaw
Vehumet
Wu Jian
Yredelemnul
Zin
The Shining One


Innate Abilities, Weirdness & Mutations

You cannot wear most types of armour.
You are amphibious.
You can wear up to eight rings at the same time.
Your skin changes colour to match your surroundings (Stealth+).
Your rubbery body absorbs attacks. (AC +1, EV +1)
((You are camouflaged when in or above water. (Stealth+)))
You have tentacles for arms and can constrict up to eight enemies at once.


Message History

Items here: )) [[ ††.
You start resting.
HP restored.
You see here an iguana skeleton.
Found a stone staircase leading up.
H - a scroll labelled SOCUOC CALU A phantom comes into view.
A phantom is nearby!
You hit the phantom. The phantom barely misses you. The phantom hits you.
You closely miss the phantom. You squeeze the phantom.
The phantom hits you but does no damage.
You hit the phantom. The phantom closely misses you.
You slash the phantom! The phantom hits you.
You barely miss the phantom.
The orc warrior shouts!
You squeeze the phantom.
The phantom hits you but does no damage.
You slash the phantom!
You destroy the phantom!
The Council accepts your kill.
An orc comes into view. It is wielding a +0 dagger.
The orc warrior hits you from afar with a +0 halberd!!
* * * LOW HITPOINT WARNING * * *
The orc shouts!
You are too injured to fight recklessly!
You are too injured to fight recklessly!
You are too injured to fight recklessly!
You are too injured to fight recklessly!
You are too injured to fight recklessly!
You are too injured to fight recklessly!
Unknown command.
The orc warrior attacks as it pursues you!
The orc warrior hits you from afar with a +0 halberd.
* * * LOW HITPOINT WARNING * * *
The orc warrior attacks as it pursues you!
The orc warrior hits you from afar with a +0 halberd!
* * * LOW HITPOINT WARNING * * *
The orc warrior attacks as it pursues you!
The orc warrior hits you from afar with a +0 halberd!!
You die...

...# #.......##..######.####
...###### .............÷........
........####....##.#..#####......
......................#........##
..................#...#.###....#.
................#.....#.###....#.
................#.....#..........
..<....##.......#................
.......##.......@.......)........
.......##.......#....##..........
.......##.....<.#.o..'...........
.......##.......#....##..........
>........#######.................
.......... #.....o..........#
.......... #..........#######
.......... #..........#
.......... #..........#


You could see an orc warrior and an orc.

Vanquished Creatures
  Edmund (D:6)
  An ice beast (D:5)
  2 phantoms
  A brain worm (Sewer)
  A bullfrog (D:6)
  A scorpion (D:5)
  3 hounds (D:4)
  2 jellies
  A gnoll bouda (D:5)
  6 iguanas
  2 orc wizards
  Robin (D:4)
  3 gnolls (D:5)
  5 adders
  A shadow imp (D:5)
  3 dart slugs
  3 ribbon worms
  12 orcs
  16 bats
  10 endoplasms
  8 giant cockroaches
  12 goblins
  8 hobgoblins
  6 jackals
  13 kobolds
  4 quokkas
  12 ball pythons
  3 frilled lizards (Sewer)
  13 rats
154 creatures vanquished.

Notes
Turn   | Place    | Note
-------+----------+-------------------------------------------
     0 | D:1      | iamserjio the Octopode Reaver began the quest for the Orb.
     0 | D:1      | Reached XP level 1. HP: 14/14 MP: 3/3
   154 | D:2      | Reached XP level 2. HP: 12/19 MP: 5/5
   300 | D:2      | Reached XP level 3. HP: 18/24 MP: 6/6
   447 | D:1      | Reached skill level 4 in Long Blades
   862 | D:1      | Reached XP level 4. HP: 30/30 MP: 7/7
  1228 | D:2      | You fall into a shaft and drop 1 floor!
  1258 | D:3      | Noticed a phantom
  1273 | D:3      | Found a glowing drain.
  1324 | Sewer    | Entered a sewer
  1400 | Sewer    | Reached XP level 5. HP: 36/36 MP: 8/8
  1448 | Sewer    | Reached skill level 5 in Long Blades
  2261 | D:3      | Reached XP level 6. HP: 42/43 MP: 9/9
  2475 | D:3      | Found a sacrificial altar of Ru.
  2562 | D:3      | Reached skill level 6 in Long Blades
  2997 | D:4      | Reached XP level 7. HP: 39/49 MP: 10/10
  3026 | D:4      | Learned a level 3 spell: Ozocubu's Armour
  3271 | D:4      | Found an ornate altar of the Wu Jian Council.
  3271 | D:4      | Found an ancient bone altar of Kikubaaqudgha.
  3396 | D:4      | Noticed Robin
  3425 | D:4      | Killed Robin
  3580 | D:5      | Entered Level 5 of the Dungeon
  3592 | D:5      | Reached skill level 1 in Ice Magic
  4339 | D:5      | Reached skill level 5 in Fighting
  4831 | D:5      | Found a staircase to the Ecumenical Temple.
  4840 | Temple   | Entered the Ecumenical Temple
  4925 | D:4      | Became a worshipper of the Wu Jian Council
  5197 | D:6      | Noticed Edmund
  5212 | D:6      | Killed Edmund
  5213 | D:6      | Reached skill level 1 in Evocations
  5213 | D:6      | Reached XP level 8. HP: 55/55 MP: 11/11
  5756 | D:6      | Mangled by an orc warrior

Illustrated notes

Levels and vault maps discovered:
D:1:      dpeg_arrival_shrine, layout_loops_ring, minmay_vboxes
D:2:      minmay_general_purpose_star, layout_rooms
D:3:      layout_rooms, nicolae_ru_awakened_eye, cheibrodos_sewer_entry_drain,
          hellmonk_ecumenical_altar_inner_sanctum, st_stairs_9
D:4:      layout_gridville, gammafunk_temple_overflow_wave, uniq_robin
D:5:      layout_cave_pods, temple_hall
D:6:      layout_basic, uniq_edmund
Temple:   nicolae_temple_figure_eight

Skill      XL: |  1  2  3  4  5  6  7 |
---------------+----------------------+-----
Long Blades    | 4 5 6 |  6.9
Fighting       | 3 4 5 |  5.4
Ice Magic      | 4 |  4.6
Evocations     | 1 |  1.9
Dodging        | |  2.3
Spellcasting   | |  2.0
Conjurations   | |  3.0

Action                     |  1- 3 |  4- 6 |  7- 9 || total
---------------------------+-------+-------+-------++-------
  Melee: Falchion          |    17 |       |       ||    17
         Constrict         |    19 |    24 |    27 ||    70
         Tentacles         |     9 |    23 |    30 ||    62
         Spear             |    64 |   136 |    78 ||   278
         Punch             |       |     4 |       ||     4
         Long sword        |       |       |    32 ||    32
  Throw: Boomerang         |       |       |    19 ||    19
         Dart              |       |       |     2 ||     2
   Cast: Kiss of Death     |     1 |       |       ||     1
Ability: Lunge             |       |       |     2 ||     2
  Evoke: Wand              |       |       |     2 ||     2
    Use: Scroll            |       |     9 |       ||     9
         Potion            |       |     1 |       ||     1
   Stab: Sleeping          |     5 |    16 |     2 ||    23
         Paralysed         |       |       |     7 ||     7
 Armour: Skin              |    29 |    56 |    40 ||   125
  Dodge: Dodged            |    27 |    65 |    35 ||   127
